 Seeded DCSS version 0.28.0-45-g0d030f2227 (webtiles) character file.

Game seed: 9376642942419055868 (custom seed)

394 thiscave3701365 the Chopper (level 6, -1/84 HPs)
             Began as a Hill Orc Berserker on Apr 13, 2022.
             Was a Believer of Trog.
             Succumbed to a killer bee's poison
             ... on level 4 of the Dungeon.
             The game lasted 00:02:13 (2784 turns).

thiscave3701365 the Chopper (Hill Orc Berserker)    Turns: 2784, Time: 00:02:14

Health: -1/84      AC: 14    Str: 28    XL:     6   Next: 81%
Magic:  15/15      EV:  8    Int:  7    God:    Trog [**....]
Gold:   124        SH:  0    Dex: 10    Spells: 5/5 levels left

rFire   . . .      SeeInvis .   g - +3 hand axe
rCold   . . .      Faith    .   (no shield)
rNeg    . . .      Spirit   .   n - +0 plate armour
rPois   .          Reflect  .   m - +0 helmet
rElec   .          Harm     .   f - +0 cloak
rCorr   .          Rampage  .   (no gloves)
Will    .....                   e - +0 pair of boots
Stlth   ..........              (no amulet)
HPRegen 0.24/turn               l - +6 ring of strength
MPRegen 0.14/turn               a - ring of magical power

@: berserking (expiring), lethally poisoned (-1 -> -17), very quick
A: no striking features
a: Renounce Religion, Berserk, Trog's Hand


You were on level 4 of the Dungeon.
You worshipped Trog.
Trog was pleased with you.
You visited 1 branch of the dungeon, and saw 4 of its levels.

You collected 124 gold pieces.

Inventory:

Hand Weapons
 g - a +3 hand axe (weapon)
Armour
 e - a +0 pair of boots (worn)
 f - a +0 cloak (worn)
 m - a +0 helmet (worn)
 n - a +0 plate armour (worn)
Jewellery
 a - a ring of magical power (right hand)
 l - a +6 ring of strength (left hand)
Scrolls
 d - a scroll of torment {unknown}
 h - 2 scrolls of identify {unknown}
 i - a scroll of teleportation {unknown}
Potions
 c - 3 potions of lignification {unknown}
 j - 2 potions of invisibility {unknown}
 k - 2 potions of heal wounds {unknown}


   Skills:
 + Level 5.4 Fighting
 + Level 7.1 Axes
 + Level 3.2 Armour
 + Level 2.5 Dodging
 + Level 1.0 Stealth


You had 5 spell levels left.
You didn't know any spells.
Your spell library was empty.

Dungeon Overview and Level Annotations

Branches:
Dungeon (4/15)
 Temple: D:4-7

Altars:


Message History

* * * LOW HITPOINT WARNING * * *
You feel very sick. The killer bee stings you.
* * * LOW HITPOINT WARNING * * *
You are more poisoned.
The killer bee poisons you!
The killer bee stings you but does no damage.
The killer bee barely misses you.
Your Armour skill increases to level 3!
You have reached level 6!
You barely miss the killer bee.
The killer bee is severely wounded.
You hit the killer bee.
* * * LOW HITPOINT WARNING * * *
You feel very sick.
The killer bee stings you but does no damage.
The killer bee barely misses you.
You slash the killer bee!
You kill the killer bee!
Trog accepts your kill.
You slash the killer bee!
* * * LOW HITPOINT WARNING * * *
You feel very sick. The killer bee stings you.
* * * LOW HITPOINT WARNING * * *
Your Axes skill increases to level 7!
You hit the killer bee.
You kill the killer bee!
Trog accepts your kill.
* * * LOW HITPOINT WARNING * * *
You feel very sick.
Your Stealth skill increases to level 1!
Unknown command.
* * * LOW HITPOINT WARNING * * *
You feel very sick.
There is a stone staircase leading up here.
You feel a strong urge to attack something.
* * * LOW HITPOINT WARNING * * *
You feel very sick.
You die...

#.?.....#
#........
#.).....###
#.........#
#.........#
#.........#
#.........#
#.....†@..##
##....†....#
#...##....#
#.. #....#
#. ####... #
...# ..# ..#
.#


There were no monsters in sight!

Vanquished Creatures
  5 killer bees (D:4)
  Robin (D:2)
  5 gnolls
  3 adders
  A white imp (D:3)
  An adder skeleton (D:4)
  2 worms
  A dart slug (D:3)
  4 orcs (D:3)
  7 bats
  3 endoplasms
  6 giant cockroaches
  8 goblins
  3 hobgoblins
  A jackal (D:2)
  2 quokkas
  7 ball pythons
  4 kobolds
  4 rats
68 creatures vanquished.

Notes
Turn   | Place    | Note
-------+----------+-------------------------------------------
     0 | D:1      | thiscave3701365 the Hill Orc Berserker began the quest for
                  | the Orb.
     0 | D:1      | Reached XP level 1. HP: 19/19 MP: 1/1
   402 | D:1      | Reached XP level 2. HP: 24/27 MP: 2/2
  1030 | D:2      | Reached XP level 3. HP: 33/33 MP: 3/3
  1080 | D:2      | Noticed Robin
  1091 | D:2      | Killed Robin
  1091 | D:2      | Reached ** piety under Trog
  1101 | D:2      | Reached skill level 5 in Axes
  1101 | D:2      | Reached XP level 4. HP: 41/41 MP: 4/4
  1363 | D:2      | Found a faded altar of an unknown god.
  1952 | D:3      | Reached XP level 5. HP: 47/47 MP: 5/5
  2533 | D:3      | Reached skill level 6 in Axes
  2610 | D:3      | Reached skill level 5 in Fighting
  2779 | D:4      | Reached XP level 6. HP: 18/56 MP: 6/6
  2781 | D:4      | Reached skill level 7 in Axes
  2782 | D:4      | Reached skill level 1 in Stealth
  2782 | D:4      | HP: 4/84 [poisoned by a killer bee]
  2783 | D:4      | HP: 1/84 [poisoned by a killer bee]
  2784 | D:4      | Succumbed to a killer bee's poison

Illustrated notes

Levels and vault maps discovered:
D:1:      lightli_arrival_windingriver, layout_basic
D:2:      layout_basic, ebering_ecumenical_altar_webs, minmay_tetromino_t2,
          uniq_robin
D:3:      layout_loops_ring, minmay_diced_spiral
D:4:      minmay_diamond_boxcup, layout_basic, serial_shops,
          kennysheep_mini_moat, minmay_misc_feat_alley, minmay_hedge_maze

Skill      XL: |  1  2  3  4  5  6 |
---------------+-------------------+-----
Fighting       | 4 5 |  5.4
Axes           | 5 6 7 |  7.1
Dodging        | 2 |  2.5
Armour         | 3 |  3.2
Stealth        | 1 |  1.0

Action                   |  1- 3 |  4- 6 || total
-------------------------+-------+-------++-------
Melee: Hand axe          |    72 |    93 ||   165
       Punch             |     2 |     1 ||     3
Invok: Berserk           |     1 |     4 ||     5
 Stab: Sleeping          |     1 |       ||     1
Armor: Animal skin       |    14 |     7 ||    21
       Plate armour      |       |    41 ||    41
Dodge: Dodged            |    50 |    63 ||   113
